 Dungeon Crawl Stone Soup version 0.28-a0-60-g54b5640690 (webtiles) character file.

Game seed: 240253219697655159

368 bjtr the Conjurer (level 6, -6/41 HPs)
             Began as an Octopode Conjurer on July 31, 2021.
             Was a Follower of Vehumet.
             Mangled by Edmund (12 damage)
             ... on level 5 of the Dungeon.
             The game lasted 00:22:59 (5136 turns).

bjtr the Conjurer (Octopode Conjurer)               Turns: 5136, Time: 00:23:00

Health: -6/41      AC:  1    Str:  7    XL:     6   Next: 69%
Magic:  1/10       EV: 13    Int: 22    God:    Vehumet [*.....]
Gold:   154        SH:  0    Dex: 10    Spells: 7/10 levels left

rFire   . . .      SeeInvis .   g - +1 war axe (freeze)
rCold   . . .      Faith    .   (no shield)
rNeg    . . .      Spirit   .   (helmet restricted)
rPois   .          Reflect  .   (no amulet)
rElec   .          Harm     .   (no ring)
rCorr   .          Rampage  .   (no ring)
Will    .....                   (no ring)
Stlth   ++++......              (no ring)
HPRegen 0.13/turn               (no ring)
MPRegen 0.12/turn               (no ring)
                                (no ring)
                                (no ring)

@: no status effects
A: almost no armour, amphibious, 8 rings, camouflage 1, gelatinous body 1,
(nimble swimmer 1), tentacles
a: Renounce Religion


You were on level 5 of the Dungeon.
You worshipped Vehumet.
Vehumet was aware of your devotion.
You visited 1 branch of the dungeon, and saw 6 of its levels.

You collected 154 gold pieces.

Inventory:

Hand Weapons
 a - a +0 dagger
 b - the +1 dagger of the Endless March {vorpal, rC+ rCorr}
   (You found it on level 4 of the Dungeon)

   It inflicts extra damage upon your enemies.
   rC:        It protects you from cold.
   rCorr:     It protects you from acid and corrosion.
 d - a +0 whip
 e - a +0 short sword
 g - a +1 war axe of freezing (weapon)
 i - a +1 mace of venom
 k - a +2 dagger of venom
 l - a +0 hunting sling
 n - a +0 mace
 s - a +0 long sword
 x - a +2 dagger of draining
Missiles
 p - 8 sling bullets
 q - 2 boomerangs
Wands
 u - a wand of flame (24)
Scrolls
 v - 2 scrolls of enchant weapon
Potions
 c - 3 potions of attraction
 f - 2 potions of lignification {unknown}
 h - a potion of curing {unknown}
 j - a potion of brilliance {unknown}
 m - 4 potions of haste
 o - a potion of ambrosia {unknown}
 r - a potion of heal wounds {unknown}
 t - a potion of mutation {unknown}
 w - a potion of might {unknown}


   Skills:
 * Level 2.4 Fighting
 + Level 2.5 Dodging
 - Level 5.3 Stealth
 * Level 2.9 Spellcasting
 * Level 5.7 Conjurations


You had 7 spell levels left.
You knew the following spells:

 Your Spells              Type           Power      Damage    Failure   Level
a - Magic Dart            Conj           100%       1d8       1%          1
b - Searing Ray           Conj           56%        3d5       1%          2

Your spell library contained the following spells:

 Spells                   Type           Power      Damage    Failure   Level
 Sandblast                Erth           6%         2d5       13%         1
 Dazzling Flash           Conj/Hex       30%        N/A       12%         3
 Summon Small Mammal      Summ           12%        N/A       13%         1
 Call Canine Familiar     Summ           3%         N/A       36%         3
 Summon Guardian Golem    Hex/Summ       3%         N/A       36%         3
 Fulminant Prism          Conj/Hex       7%         3d7       36%         4
 Iskenderun's Mystic Bla  Conj/Tloc      15%        2d5       36%         4
 Malign Gateway           Summ/Tloc      1%         N/A       100%        7
 Summon Horrible Things   Summ           1%         N/A       100%        8


Dungeon Overview and Level Annotations

Branches:
Dungeon (6/15)
 Temple: D:4-7

Altars:
Cheibriados
Makhleb
Ru
Trog
Uskayaw
Vehumet

Annotations:
D:4 2 transporters, FIREandBLOOD's ghost, amateur DEFE
D:5 Edmund


Innate Abilities, Weirdness & Mutations

You cannot wear most types of armour.
You are amphibious.
You can wear up to eight rings at the same time.
Your skin changes colour to match your surroundings (Stealth+).
Your rubbery body absorbs attacks. (AC +1, EV +1)
((You are camouflaged near water. (Stealth+)))
You have tentacles for arms and can constrict up to eight enemies at once.


Message History

Press: ? - help, Shift-Dir - straight line, f - Edmund
Aim: Edmund, wielding a +1 vorpal dire flail and wearing a +0 scale mail (82% to hit)
The searing ray hits Edmund!
Edmund is lightly wounded. (Press . to maintain the ray.)
The searing ray hits Edmund!
Edmund is heavily wounded.
The searing ray hits Edmund but does no damage.
Edmund is heavily wounded.
The searing ray hits Edmund.
Edmund is heavily wounded.
You finish channeling your searing ray.
Edmund hits you with a +1 vorpal dire flail!
Unknown command.
Okay, then.
Casting: Searing Ray (safe; 1% risk of failure)
Confirm with . or Enter, or press ? or * to list all spells.
Aiming: Searing Ray (safe; 1% risk of failure)
Press: ? - help, Shift-Dir - straight line, f/p - Edmund
Aim: Edmund, wielding a +1 vorpal dire flail and wearing a +0 scale mail (heavily wounded, 82% to hit)
The searing ray hits Edmund!
Edmund is severely wounded. (Press . to maintain the ray.) Edmund hits you with a +1 vorpal dire flail.
The searing ray hits Edmund.
Edmund is almost dead.
Edmund misses you.
The searing ray misses Edmund.
Edmund hits you with a +1 vorpal dire flail.
The searing ray hits Edmund.
Edmund is almost dead.
You finish channeling your searing ray.
Edmund hits you with a +1 vorpal dire flail!
* * * LOW HITPOINT WARNING * * *
x2 Unknown command.
Casting: Searing Ray (safe; 1% risk of failure)
Confirm with . or Enter, or press ? or * to list all spells.
You don't have enough magic to cast this spell.
Edmund hits you with a +1 vorpal dire flail!
You die...

###..##...........#
#..
##..##<.........#
#..
##).##.........#
#.. ###..##...(..##
#.. ##..#########
#.. ##.........#
+.. ##......).# #..
##.......# #..
#.@###### ##@.###.#
#..##..# ##....##
#...## #..## #.##
##.# #.##


You could see Edmund.

Vanquished Creatures
  A black bear (D:4)
  3 orc wizards (D:4)
  A killer bee zombie (D:5)
  5 adders
  2 river rats (D:4)
  2 adder skeletons (D:4)
  5 worms
  3 dart slugs
  8 orcs
  7 endoplasms
  5 giant cockroaches
  4 goblins
  10 hobgoblins
  6 jackals (D:1)
  8 kobolds
  2 quokkas
  8 ball pythons
  3 bats
  A quokka skeleton (D:4)
  4 rats
88 creatures vanquished.

Vanquished Creatures (others)
  7 plants (D:3)
7 creatures vanquished.

Grand Total: 95 creatures vanquished

Notes
Turn   | Place    | Note
-------+----------+-------------------------------------------
     0 | D:1      | bjtr the Octopode Conjurer began the quest for the Orb.
     0 | D:1      | Reached XP level 1. HP: 11/11 MP: 3/3
   260 | D:1      | Found a faded altar of an unknown god.
   277 | D:1      | Reached XP level 2. HP: 14/17 MP: 0/5
   361 | D:1      | Learned a level 2 spell: Searing Ray
   855 | D:1      | Reached XP level 3. HP: 22/22 MP: 3/6
  1768 | D:2      | Reached skill level 5 in Conjurations
  1776 | D:2      | Reached skill level 1 in Fighting
  2052 | D:2      | Reached XP level 4. HP: 28/28 MP: 2/7
  2773 | D:3      | Found a bloodstained altar of Trog.
  2951 | D:3      | You fall into a shaft and drop 3 floors!
  3004 | D:6      | Found a radiant altar of Vehumet.
  3008 | D:6      | Became a worshipper of Vehumet
  3112 | D:6      | Found a burning altar of Makhleb.
  3118 | D:6      | Found a snail-covered altar of Cheibriados.
  3202 | D:6      | Noticed a centaur
  3207 | D:5      | Entered Level 5 of the Dungeon
  3289 | D:4      | Noticed a +0 spear
  3289 | D:4      | Noticed a +0 short sword
  3289 | D:4      | Noticed a +0 spear
  3289 | D:4      | Noticed a +0 dagger
  3289 | D:4      | Noticed a +0 short sword
  3289 | D:4      | Noticed a +0 falchion
  3289 | D:4      | Noticed a +0 dagger
  3289 | D:4      | Noticed a +0 falchion
  3363 | D:4      | Found a transporter.
  3365 | D:4      | Found a transporter.
  3386 | D:4      | Noticed FIREandBLOOD's ghost (amateur DEFE)
  3417 | D:4      | Identified the +1 dagger of the Endless March {vorpal, rC+
                  | rCorr}
  3462 | D:4      | Reached XP level 5. HP: 33/33 MP: 1/8
  3468 | D:4      | HP: 1/28 [frozen (1)]
  3471 | D:5      | Noticed a black bear
  4017 | D:4      | Found a sacrificial altar of Ru.
  4277 | D:4      | Reached * piety under Vehumet
  4277 | D:4      | Offered knowledge of Sandblast by Vehumet.
  4598 | D:4      | Reached XP level 6. HP: 39/39 MP: 3/10
  4820 | D:4      | Found a hide-covered altar of Uskayaw.
  4890 | D:4      | Killed a black bear
  4891 | D:4      | Reached skill level 5 in Stealth
  5117 | D:5      | Noticed Edmund
  5136 | D:5      | Mangled by Edmund

Illustrated notes

Levels and vault maps discovered:
D:1:      ncdulo_wetmaze, layout_basic, hellmonk_ecumenical_altar_dog_temple,
          hangedman_abyss_or_decor_stabs
D:2:      layout_basic
D:3:      layout_loops_ring, trog_book, nicolae_ashenzari_skybound,
          serial_bayou_ford_a, hangedman_feature_mirror
D:4:      layout_basic, nicolae_uskayaw_en_pointe,
          nicolae_ru_great_annihilating_truth, gammafunk_ghost_mausoleum,
          portal_sewer_entry_a
D:5:      layout_cave_pods, grunt_nemelex_the_gamble, chequers_decorated_corner,
          minmay_misc_feat_x, nrook_mini_backslash, uniq_edmund
D:6:      layout_rooms, nicolae_qazlal_scattered_showers,
          grunt_temple_overflow_diamond, pdpol_wu_jian_five_deadly_venoms

Skill      XL: |  1  2  3  4  5  6 |
---------------+-------------------+-----
Stealth        | 3 4 5 |  5.3
Conjurations   | 5 |  5.7
Fighting       | 1 2 |  2.4
Dodging        | |  2.5
Spellcasting   | |  2.9

Action                   |  1- 3 |  4- 6 || total
-------------------------+-------+-------++-------
Melee: Dagger            |    11 |       ||    11
       Constrict         |     2 |    10 ||    12
       Tentacles         |     2 |     4 ||     6
       Mace              |       |     4 ||     4
       War axe           |       |    36 ||    36
 Cast: Magic Dart        |    26 |     3 ||    29
       Searing Ray       |    21 |    30 ||    51
  Use: Scroll            |       |     7 ||     7
 Stab: Sleeping          |     1 |     3 ||     4
Armor: Skin              |     1 |     3 ||     4
Dodge: Dodged            |    18 |    46 ||    64

Table legend: (Time is in decaauts)
 A = Elapsed time spent in this place.
 B = Non-inter-level travel time spent in this place.
 C = Inter-level travel time spent in this place.
 D = Time resting spent in this place.
 E = Time spent auto-exploring this place.
 F = Levels seen in this place.
 G = Mean time per level.
                   A        B        C        D        E       F      G
               +--------+--------+--------+--------+--------+-----+--------+
         Total |   5154 |   5070 |     84 |   1199 |   2981 |   6 |  859.0 |
       Dungeon |   5154 |   5070 |     84 |   1199 |   2981 |   6 |  859.0 |
               +--------+--------+--------+--------+--------+-----+--------+

Top non-repeatable levels by time:
     D:1: 1362 daAuts
     D:4: 1282 daAuts
     D:2: 1143 daAuts
     D:5: 665 daAuts
     D:3: 445 daAuts
     D:6: 254 daAuts
